 Dungeon Crawl Stone Soup version 0.31.0-11-ge490571c62 (webtiles) character file.

Game seed: 8865231776667526113

336 qw the Skirmisher (level 6, -2/35 HPs)
             Began as a Deep Elf Hunter on Feb 4, 2024.
             Killed by divine providence
             ... invoked by an orc priest
              (14 damage)
             ... on level 4 of the Dungeon.
             The game lasted 00:00:10 (2862 turns).

qw the Skirmisher (Deep Elf Hunter)                 Turns: 2862, Time: 00:00:11

Health: -2/35      AC:  8    Str: 10    XL:     6   Next: 28%
Magic:  8/8        EV: 11    Int: 14    God:
Gold:   187        SH:  0    Dex: 18    Spells: 5/5 levels left

rFire   . . .        a - +0 shortbow
rCold   . . .        (shield currently unavailable)
rNeg    . . .        f - +1 ring mail
rPois   .            b - +1 helmet
rElec   .            (no cloak)
rCorr   .            (no gloves)
SInv    .            (no boots)
Will    .....        (no amulet)
Stlth   +            (no ring)
HPRegen 0.25/turn    (no ring)
MPRegen 0.11/turn

%: no passive effects
@: no status effects
A: no striking features
a: no special abilities


You were on level 4 of the Dungeon.
You visited 1 branch of the dungeon, and saw 4 of its levels.

You collected 187 gold pieces.


   Skills:
 - Level 2.1 Fighting
 + Level 9.7 Ranged Weapons
 - Level 2.4 Dodging
 - Level 1.2 Stealth


You had 5 spell levels left.
You didn't know any spells.
Your spell library was empty.

Inventory:

Hand Weapons
 a - a +0 shortbow (weapon)
Armour
 b - a +1 helmet (worn)
 f - a +1 ring mail (worn)
Jewellery
 i - a ring of ice
Scrolls
 c - a scroll of amnesia {unknown}
 h - a scroll of teleportation {unknown}
 j - a scroll of poison {unknown}
Potions
 d - a potion of lignification {unknown}
 e - a potion of heal wounds
 g - a potion of might
 k - a potion of enlightenment

Dungeon Overview and Level Annotations

Branches:
Dungeon (4/15)
 Temple: D:4-7

Altars:


Message History

You destroy the sleepcap!
An orc and 2 orc priests come into view.
You shoot an arrow. The arrow hits the orc priest!
The orc priest shouts!
The orc priest is severely wounded.
The orc shouts!
The orc priest shouts!
A goblin comes into view. It is wielding a +0 dagger.
You shoot an arrow.
The arrow hits the orc priest but does no damage.
The orc priest is severely wounded.
You hear a shout!
The orc priest mumbles some strange prayers to Beogh against you.
Beogh smites you!
An orc comes into view. It is wielding a +0 hand axe.
You shoot an arrow.
The arrow closely misses the orc priest.
The arrow hits the orc priest.
The orc priest is lightly wounded.
You shoot an arrow. The arrow hits the orc priest!
You kill the orc priest!
The orc closely misses you.
You shoot an arrow.
The arrow hits the orc priest but does no damage.
The orc priest is lightly wounded.
The orc priest closely misses you.
The orc hits you from afar with a +0 trident.
You shoot an arrow.
The arrow hits the orc priest but does no damage.
The orc priest is lightly wounded.
The orc priest hits you with a +0 flail.
The orc closely misses you. The orc hits you with a +0 hand axe.
You shoot an arrow. The arrow hits the orc priest.
The orc priest is heavily wounded.
The orc hits you from afar with a +0 trident.
The orc priest barely misses you. The orc hits you but does no damage.
You shoot an arrow. The arrow hits the orc priest.
The orc priest is heavily wounded.
The orc priest calls down the wrath of Beogh upon you.
Beogh smites you!
You die...

#.# #.# #.########
#... .... #..# ...
#..# ..# #..# o.# ###
####..##o.###.#
##.#####......@o......
#........###.##g......
##.####### #.# #..####
#.# #.# ..# #.# #.#
#..# . #.# ... >.# .#
#.# ..# ##.# .#.# #.#
... ... ....# #.# ####
#.. .... ..


You could see an orc priest, 2 orcs and a goblin.

Vanquished Creatures
  A phantom (D:4)
  2 orc priests (D:4)
  An iguana (D:3)
  A sleepcap (D:4)
  An orc wizard (D:4)
  A gnoll (D:1)
  4 adders
  A ribbon worm (D:2)
  4 orcs (D:4)
  6 endoplasms
  3 giant cockroaches
  6 goblins
  5 hobgoblins
  8 jackals
  A quokka (D:3)
  7 ball pythons
  4 bats
  2 frilled lizards (D:1)
  9 kobolds
  9 rats
76 creatures vanquished.

Notes
Turn   | Place    | Note
-------+----------+-------------------------------------------
     0 | D:1      | qw the Deep Elf Hunter began the quest for the Orb.
     0 | D:1      | Reached XP level 1. HP: 12/12 MP: 3/3
     0 | D:1      | 0 ||| qw: Version: 0.3-a-160-g6735b56
     0 | D:1      | 0 ||| qw: Game counter: 4407
     0 | D:1      | 0 ||| qw: Melee chars always use a shield: true
     0 | D:1      | 0 ||| qw: God list: Okawaru
     0 | D:1      | 0 ||| qw: Allow faded altars: false
     0 | D:1      | 0 ||| qw: Do Orc after clearing Dungeon:15 true
     0 | D:1      | 0 ||| qw: Do second Lair branch before Depths: true
     0 | D:1      | 0 ||| qw: Lair rune preference: random
     0 | D:1      | 0 ||| qw: Goals: Normal
     0 | D:1      | 0 ||| PLANNING D:1-11
   320 | D:1      | Reached XP level 2. HP: 16/16 MP: 4/4
   322 | D:1      | Reached skill level 6 in Ranged Weapons
   476 | D:1      | Found a faded altar of an unknown god.
   496 | D:1      | Reached XP level 3. HP: 20/20 MP: 5/5
  1205 | D:1      | 1205 ||| UPGRADING to +0 ring mail.
  1215 | D:1      | 1215 ||| DROPPING +0 leather armour.
  1216 | D:1      | 1216 ||| READING scroll labelled SEDGHI JUNIOMMY.
  1317 | D:1      | 1317 ||| READING 2 scrolls labelled CABRAH VANEN.
  1317 | D:1      | 1317 ||| IDENTIFYING white potion
  1318 | D:1      | 1318 ||| READING scroll of identify.
  1318 | D:1      | 1318 ||| IDENTIFYING purple potion
  1319 | D:1      | 1319 ||| READING scroll labelled CUCOUC QIME.
  1319 | D:1      | 1319 ||| ENCHANTING +0 ring mail.
  1320 | D:1      | 1320 ||| DRINKING 2 metallic red potions.
  1425 | D:1      | 1425 ||| DROPPING scroll of butterflies.
  1426 | D:1      | 1426 ||| DROPPING potion of berserk rage.
  1427 | D:1      | 1427 ||| DROPPING potion of attraction.
  1490 | D:2      | Reached skill level 7 in Ranged Weapons
  1580 | D:2      | 1580 ||| FLEEEEING.
  1635 | D:2      | Reached XP level 4. HP: 25/25 MP: 6/6
  2002 | D:2      | 2002 ||| UPGRADING to +0 helmet.
  2007 | D:2      | 2007 ||| READING 2 scrolls of identify.
  2007 | D:2      | 2007 ||| IDENTIFYING red potion
  2077 | D:3      | 2077 ||| FLEEEEING.
  2078 | D:3      | 2078 ||| FLEEEEING.
  2133 | D:3      | Reached skill level 8 in Ranged Weapons
  2159 | D:3      | 2159 ||| READING scroll of enchant armour.
  2159 | D:3      | 2159 ||| ENCHANTING +0 helmet.
  2416 | D:3      | 2416 ||| READING 2 scrolls of identify.
  2416 | D:3      | 2416 ||| IDENTIFYING grey potion
  2417 | D:3      | 2417 ||| READING scroll of identify.
  2417 | D:3      | 2417 ||| IDENTIFYING fuming ruby potion
  2418 | D:3      | 2418 ||| READING scroll labelled NYQEASEUTZ.
  2419 | D:3      | 2419 ||| DROPPING potion of brilliance.
  2605 | D:4      | Noticed a phantom
  2610 | D:4      | Killed a phantom
  2611 | D:4      | Reached skill level 9 in Ranged Weapons
  2611 | D:4      | Reached XP level 5. HP: 29/29 MP: 7/7
  2665 | D:4      | HP: 7/30 [something/puff of flame (10)]
  2670 | D:4      | HP: 2/30 [something/magic dart (4)]
  2672 | D:4      | Reached XP level 6. HP: 2/35 MP: 8/8
  2862 | D:4      | Killed from afar by an orc priest

Levels and vault maps discovered:
D:1:      onia_arrival_mini_spirals, layout_basic,
          dreamdust_ecumenical_altar_angels_and_demons,
          wander_ebering_terrifying_dragon_lair
D:2:      layout_rooms, nicolae_elevator_lobby_plus
D:3:      layout_rooms
D:4:      layout_loops_ring, regret_index_temple_of_mockery, zin_treasury

Skill      XL: |  1  2  3  4  5 |
---------------+----------------+-----
Ranged Weapons | 6 7 9 |  9.7
Fighting       | 2 |  2.1
Dodging        | |  2.4
Stealth        | |  1.2

Action                     |  1- 3 |  4- 6 || total
---------------------------+-------+-------++-------
   Fire: Shortbow          |   110 |   123 ||   233
    Use: Scroll            |     4 |     5 ||     9
         Potion            |     1 |       ||     1
 Armour: Leather armour    |    21 |       ||    21
         Ring mail         |    10 |    26 ||    36
  Dodge: Dodged            |    28 |    19 ||    47

Table legend:
 A = Non-vault XP
 B = Vault XP
 C = Vault XP percentage of total XP
 D = Non-vault monster count
 E = Vault monster count
 F = Vault count percentage of total count
                 A         B        C        D         E       F
            +---------+---------+-------+---------+---------+-------
      Total |     479 |       1 |   0.2 |      75 |       1 |   1.3
            +---------+---------+-------+---------+---------+-------
        D:1 |      56 |       1 |   1.8 |      31 |       1 |   3.1
        D:2 |      69 |       0 |   0.0 |      19 |       0 |   0.0
        D:3 |      57 |       0 |   0.0 |      11 |       0 |   0.0
        D:4 |     297 |       0 |   0.0 |      14 |       0 |   0.0
            +---------+---------+-------+---------+---------+-------
